 Dungeon Crawl Stone Soup version 0.26.1-11-gd32895ea62 (webtiles) character file.

Game seed: 15081896731402748733

14 Kalagan26 the Digger (level 2, -2/16 HPs)
             Began as a Gargoyle Earth Elementalist on June 22, 2021.
             Killed from afar by a dart slug (3 damage)
             ... with a slug dart
             ... on level 1 of the Dungeon.
             The game lasted 00:06:15 (518 turns).

Kalagan26 the Digger (Gargoyle Earth Elementalist)   Turns: 518, Time: 00:06:15

Health: -2/16      AC:  5    Str: 11    XL:     2   Next: 41%
Magic:  1/5        EV: 12    Int: 15    God:
Gold:   0          SH:  0    Dex: 10    Spells: 4/5 levels left

rFire    . . .     SeeInvis .   d - +0 short sword
rCold    . . .     Faith    .   (no shield)
rNeg     + . .     Spirit   .   c - +0 robe
rPois    ∞         Reflect  .   (no helmet)
rElec    +         Harm     .   e - +0 cloak
rCorr    .         Rampage  .   (no gloves)
Will     .....                  (no boots)
Stlth    ++........             (no amulet)
HPRegen  0.05/turn              (no ring)
MPRegen  0.09/turn              (no ring)

@: no status effects
A: negative energy resistance 1, electricity resistance, unbreathing,
petrification resistance, miasma immunity, AC +2
a: no special abilities


You were on level 1 of the Dungeon.
You visited 1 branch of the dungeon, and saw 1 of its levels.

Inventory:

Hand Weapons
 d - a +0 short sword (weapon)
Missiles
 b - 74 stones
Armour
 c - a +0 robe (worn)
 e - a +0 cloak (worn)
Scrolls
 a - 2 scrolls of remove curse {unknown}
 f - a scroll of blinking {unknown}


   Skills:
 * Level 1.0 Fighting
 + Level 0.1 Short Blades
 - Level 1.5 Dodging
 - Level 2.1 Stealth
 - Level 2.0 Spellcasting
 - Level 0.7 Transmutations
 + Level 4.2 Earth Magic


You had 4 spell levels left.
You knew the following spells:

 Your Spells              Type           Power        Failure   Level
a - Sandblast             Erth           28%          3%          1

Your spell library contained the following spells:

 Spells                   Type           Power        Failure   Level
 Passwall                 Tmut/Erth      6%           12%         2
 Stone Arrow              Conj/Erth      14%          28%         3
 Petrify                  Tmut/Erth      8%           63%         4
 Lee's Rapid Deconstruct  Erth           7%           71%         5


Dungeon Overview and Level Annotations

Branches:
Dungeon (1/15)

Altars:


Innate Abilities, Weirdness & Mutations

You are resistant to torment.
Your stone body is resilient. (AC +2)
You are immune to poison.
You resist negative energy. (rN+)
You are resistant to electric shocks. (rElec)
You can survive without breathing.
You are immune to petrification.
You are immune to miasma.


Message History

The giant cockroach bites you.
The giant cockroach bites you but does no damage.
You see here a frilled lizard corpse.
Aiming: Sandblast (safe; 3% risk of failure)
Press: ? - help, Q - select action, (/) - cycle Shift-Dir - straight line, f/p - giant cockroach
Aim: a giant cockroach (21% to evade)
The blast of sand hits the giant cockroach.
You kill the giant cockroach!
The dart slug launches a dart at you. The slug dart hits you!
* * * LOW HITPOINT WARNING * * *
Your Fighting skill increases to level 1!
Unknown command.
Aiming: Sandblast (safe; 3% risk of failure)
Press: ? - help, Q - select action, (/) - cycle Shift-Dir - straight line, f - you That would be overly suicidal.
Okay, then.
The dart slug launches a dart at you. The slug dart hits you.
You die...

#>..........# ##
##........##.#
.##
#.............#
..#
#.#######.#####.#
..## #.
#####.#.....#
...##
#.###.......#.#.#
....#
......†....#.#
....#
..##.......#.#
....#
.........@.#.#
....#
..#.##+#+#†#.# #
...## .
#......#.#.#.#
...# #
#.....#'#.# ..##
####......# .##
+.w....# ##
##########......#
#
................#
###########'###.#


You could see a dart slug.

Vanquished Creatures
  A bat (D:1)
  A giant cockroach (D:1)
  2 goblins (D:1)
  3 hobgoblins (D:1)
  3 frilled lizards (D:1)
  2 kobolds (D:1)
  A rat (D:1)
13 creatures vanquished.

Notes
Turn   | Place    | Note
-------+----------+-------------------------------------------
     0 | D:1      | Kalagan26 the Gargoyle Earth Elementalist began the quest
                  | for the Orb.
     0 | D:1      | Reached XP level 1. HP: 10/10 MP: 3/3
   315 | D:1      | Reached skill level 4 in Earth Magic
   325 | D:1      | Reached XP level 2. HP: 14/16 MP: 0/5
   518 | D:1      | Reached skill level 1 in Fighting
   518 | D:1      | Killed from afar by a dart slug

Illustrated notes

Levels and vault maps discovered:
D:1:      dpeg_arrival_snail, layout_basic

Skill      XL: |  1  2 |
---------------+-------+-----
Earth Magic    | 4 |  4.2
Fighting       | 1 |  1.0
Short Blades   | |  0.1
Dodging        | |  1.5
Stealth        | |  2.1
Spellcasting   | |  2.0
Transmutations | |  0.7

Action                   || total
-------------------------++-------
Melee: Short sword       ||    21
 Cast: Sandblast         ||    16
 Stab: Sleeping          ||     1
Armor: Robe              ||    11
Dodge: Dodged            ||    16
